Map: Orbital Shipyard

Players

Combobreaker

  • Race: Terran Terran

Milant

  • Race: Terran Terran
  • League: Master

CakeMaster

  • Race: Protoss Protoss
  • League: Silver

Fechnas

  • Race: Protoss Protoss

VOD

Have the link to the VOD?

Description

Time

  • Played on: Nov. 12, 2015, 8:53 p.m.
  • Length: 6:20
Show
View Real Time Build Order
Export as new Build Order

Combobreaker Terran 

Build Orders:  

Get SALT Encoding   

  12  0:01  SCV  
  13  0:14  Supply Depot  
  13  0:40  SCV, Barracks  
  14  0:49  Refinery  
  14  1:04  Barracks  
  14  1:13  Barracks  
  14  1:19  SCV  
  15  1:43  Reaper  
  15  1:46  SCV  
  17  1:52  Barracks  
  17  1:56  Marine  
  19  2:04  SCV  
  19  2:06  Reaper  
  20  2:23  Supply Depot  
  20  2:31  Bunker  
  20  2:34  Reaper  
  21  2:40  Marine  
  21  2:41  Marine  
  22  2:52  SCV  
  22  2:53  Marine  
  24  2:59  Reaper  
  24  3:01  Marine  
  24  3:06  Marine  
  24  3:11  Marine  
  26  3:19  Marine  
  27  3:25  Reaper  
  24  3:36  Reaper  
  24  3:39  Marine  
  24  3:40  Marine  
  27  3:48  SCV  
  28  3:57  Marine x3  
  30  4:08  Marine  
  29  4:15  Marine x2  
  20  4:31  Marine x2  
  6  5:34  SCV  
Show
View Real Time Build Order
Export as new Build Order

Milant Terran 

Build Orders:  

Get SALT Encoding   

  12  0:01  Probe (Chrono Boost)  
  13  0:12  Probe (Chrono Boost)  
  14  0:17  Pylon  
  14  0:22  Probe (Chrono Boost)  
  16  0:35  Probe (Chrono Boost)  
  16  0:41  Gateway  
  16  0:46  Probe (Chrono Boost)  
  16  0:47  Assimilator  
  17  0:56  Probe (Chrono Boost)  
  18  1:07  Probe (Chrono Boost)  
  18  1:08  Pylon  
  19  1:18  Probe (Chrono Boost)  
  20  1:28  Probe (Chrono Boost)  
  20  1:30  Gateway  
  21  1:33  Cybernetics Core  
  21  1:37  Zealot (Chrono Boost)  
  23  2:01  Zealot (Chrono Boost)  
  25  2:05  Pylon  
  25  2:09  Mothership Core (Chrono Boost)  
  27  2:17  Adept (Chrono Boost)  
  29  2:24  Pylon  
  29  2:29  Adept (Chrono Boost)  
  33  2:44  Adept (Chrono Boost)  
  33  2:54  Adept (Chrono Boost)  
  35  3:00  Pylon  
  35  3:06  Assimilator  
  35  3:11  Adept (Chrono Boost)  
  35  3:18  Adept (Chrono Boost)  
  37  3:35  Adept (Chrono Boost)  
  37  3:41  Probe (Chrono Boost)  
  40  3:44  Nexus  
  40  3:51  Probe (Chrono Boost)  
  39  4:02  Probe (Chrono Boost)  
  37  4:10  Warp Gate  
  37  4:13  Probe (Chrono Boost)  
  38  4:23  Probe (Chrono Boost)  
  39  4:33  Stargate  
  39  4:34  Probe (Chrono Boost)  
  38  4:39  Adept  
  38  4:44  Probe (Chrono Boost)  
  41  4:53  Pylon  
  41  4:55  Probe (Chrono Boost)  
  41  4:56  Probe (Chrono Boost)  
  43  5:05  Probe (Chrono Boost)  
  44  5:16  Probe (Chrono Boost)  
  43  5:27  Pylon  
  43  5:29  Probe (Chrono Boost), Pylon  
  43  5:30  Pylon  
  44  5:37  Probe (Chrono Boost), Adept  
  44  5:40  Probe (Chrono Boost)  
  46  5:47  Probe (Chrono Boost)  
  46  5:48  Phoenix (Chrono Boost)  
  49  5:50  Probe (Chrono Boost)  
  49  5:56  Probe  
  50  6:01  Probe  
  52  6:05  Stargate  
  52  6:07  Probe  
Show
View Real Time Build Order
Export as new Build Order

CakeMaster Protoss 

Build Orders:  

Get SALT Encoding   

Show
View Real Time Build Order
Export as new Build Order

Fechnas Protoss 

Build Orders:  

Get SALT Encoding   

Tags
 
Add a new tag
Caveats
  • Supply blocks, unpowered buildings, or Contaminate may cause inaccurate times.
  • Supply counts are checked every 10 seconds.